[ AOE2 MATCH · #461029302 ]
Team RMSicilians vs Chinese
[ REPLAY ANALYSIS · EXTRACTED FROM THE RECORDED GAME ]
Feudal
—
Castle
—
Imperial
—
| APM avg | 41.4 |
| APM peak | 59 |
| eAPM avg | 15.8 |
| Villagers / military | 19 / 0 |
Focus
⚔️ 12.7% · 🌾 87.3%
Feudal
—
Castle
—
Imperial
—
| APM avg | 40.2 |
| APM peak | 44 |
| eAPM avg | 17.1 |
| Villagers / military | 14 / 0 |
Focus
⚔️ 40.3% · 🌾 59.7%
Feudal
—
Castle
—
Imperial
—
| APM avg | 54.7 |
| APM peak | 70 |
| eAPM avg | 9.4 |
| Villagers / military | 19 / 0 |
Focus
⚔️ 0.0% · 🌾 100.0%
Feudal
—
Castle
—
Imperial
—
| APM avg | 68.1 |
| APM peak | 95 |
| eAPM avg | 13.5 |
| Villagers / military | 15 / 0 |
Focus
⚔️ 8.2% · 🌾 91.8%
Match map
Initial resources + every placement click. Lines = walls · curves = elevation contours. ◆ gold · ⬟ stone · ● berries · ✦ relic · ◌ wall gap
Your base
Hatsune_the_Triangle's base
defmester's base
布魯艾斯懷特多拉貢's base
Smoothed initial terrain · ◌ = detected wall gap · hover for details
Inputs per minute
— MasterZeka - - Hatsune_the_Triangle
Build order — MasterZeka
24 actions detected in the replay
| 0:01 | Create | Villager (Male) |
| 0:01 | Create | Villager (Male) |
| 0:01 | Create | Villager (Male) |
| 0:02 | Create | Villager (Male) |
| 0:02 | Create | Villager (Male) |
| 0:03 | Build | House |
| 0:05 | Build | House |
| 1:34 | Create | Villager (Male) |
| 1:44 | Build | House |
| 2:00 | Create | Villager (Male) |
| 2:00 | Create | Villager (Male) |
| 2:24 | Create | Villager (Male) |
| 2:24 | Create | Villager (Male) |
| 2:48 | Create | Villager (Male) |
| 3:04 | Build | Lumber Camp |
| 3:22 | Research | Loom |
| 3:41 | Create | Villager (Male) |
| 3:41 | Create | Villager (Male) |
| 3:41 | Create | Villager (Male) |
| 3:41 | Create | Villager (Male) |
| 4:05 | Create | Villager (Male) |
| 4:06 | Create | Villager (Male) |
| 4:26 | Create | Villager (Male) |
| 4:26 | Create | Villager (Male) |
Build order — Hatsune_the_Triangle
19 actions detected in the replay
| 0:24 | Research | Loom |
| 1:00 | Create | Villager (Male) |
| 1:00 | Create | Villager (Male) |
| 1:10 | Build | House |
| 1:11 | Build | House |
| 1:12 | Build | House |
| 1:31 | Create | Villager (Male) |
| 2:09 | Create | Villager (Male) |
| 2:10 | Create | Villager (Male) |
| 2:30 | Build | Lumber Camp |
| 2:43 | Create | Villager (Male) |
| 2:44 | Create | Villager (Male) |
| 3:03 | Create | Villager (Male) |
| 3:03 | Create | Villager (Male) |
| 3:10 | Create | Villager (Male) |
| 3:11 | Create | Villager (Male) |
| 3:53 | Create | Villager (Male) |
| 3:53 | Create | Villager (Male) |
| 3:53 | Create | Villager (Male) |
Build order — defmester
21 actions detected in the replay
| 0:02 | Build | House |
| 0:03 | Create | Villager (Male) |
| 0:03 | Create | Villager (Male) |
| 0:03 | Create | Villager (Male) |
| 0:04 | Create | Villager (Male) |
| 0:04 | Create | Villager (Male) |
| 1:13 | Create | Villager (Male) |
| 1:13 | Create | Villager (Male) |
| 1:47 | Create | Villager (Male) |
| 1:47 | Create | Villager (Male) |
| 2:09 | Create | Villager (Male) |
| 2:09 | Create | Villager (Male) |
| 2:50 | Create | Villager (Male) |
| 2:50 | Create | Villager (Male) |
| 2:51 | Create | Villager (Male) |
| 3:22 | Create | Villager (Male) |
| 3:22 | Create | Villager (Male) |
| 3:37 | Create | Villager (Male) |
| 3:37 | Create | Villager (Male) |
| 3:37 | Create | Villager (Male) |
| 4:11 | Build | Settlement |
Build order — 布魯艾斯懷特多拉貢
20 actions detected in the replay
| 0:02 | Create | Villager (Male) |
| 0:02 | Create | Villager (Male) |
| 0:02 | Create | Villager (Male) |
| 0:03 | Create | Villager (Male) |
| 0:04 | Build | House |
| 0:05 | Build | House |
| 1:41 | Create | Villager (Male) |
| 1:41 | Create | Villager (Male) |
| 1:58 | Build | Lumber Camp |
| 2:02 | Create | Villager (Male) |
| 2:16 | Create | Villager (Male) |
| 3:00 | Create | Villager (Male) |
| 3:00 | Create | Villager (Male) |
| 3:02 | Create | Villager (Male) |
| 3:48 | Create | Villager (Male) |
| 4:08 | Build | House |
| 4:09 | Build | House |
| 4:12 | Create | Villager (Male) |
| 4:13 | Create | Villager (Male) |
| 4:13 | Create | Villager (Male) |
Match timeline
| 4:37 | 布魯艾斯懷特多拉貢 · resign |
[ AI ANALYSIS · 1 CREDIT ]
What really happened in this match?
Wolo.gg analyzes every decision: build order, eco, micro, common mistakes by bracket. Personalized analysis on WhatsApp or Discord in 30 seconds.
Civ guide
Sicilians
Map guide
Arena
Perfil
MasterZeka